 Dungeon Crawl Stone Soup version 0.28-a0-1038-g9c4cb8273d (webtiles) character file.

Game seed: 18018330908371963371

418 fragbeetle the Ruffian (level 6, -5/50 HPs)
             Began as a Draconian Transmuter on Dec 8, 2021.
             Slain by an ogre (15 damage)
             ... on level 4 of the Dungeon.
             The game lasted 00:09:56 (3457 turns).

fragbeetle the Ruffian (Draconian Transmuter)       Turns: 3457, Time: 00:09:56

Health: -5/50      AC:  8    Str: 13    XL:     6   Next: 61%
Magic:  3/10       EV: 12    Int: 15    God:
Gold:   220        SH:  0    Dex: 11    Spells: 6/10 levels left

rFire   . . .      SeeInvis .     - Unarmed
rCold   . . .      Faith    .   (no shield)
rNeg    . . .      Spirit   .   (armour unavailable)
rPois   +          Reflect  .   (helmet restricted)
rElec   .          Harm     .   (no cloak)
rCorr   .          Rampage  .   l - +1 pair of gloves
Will    .....                   (no boots)
Stlth   +.........              (no amulet)
HPRegen 0.16/turn               d - ring of poison resistance
MPRegen 0.12/turn               (no ring)

@: no status effects
A: AC +6, unfitting armour, cold-blooded
a: no special abilities


You were on level 4 of the Dungeon.
You visited 1 branch of the dungeon, and saw 5 of its levels.

You collected 220 gold pieces.

Inventory:

Armour
 l - a +1 pair of gloves (worn)
Jewellery
 d - a ring of poison resistance (left hand)
 f - an amulet of guardian spirit
Scrolls
 e - a scroll of immolation {unknown}
 g - a scroll of magic mapping {unknown}
 j - a scroll of blinking {unknown}
 m - a scroll of teleportation {unknown}
 n - a scroll of identify {unknown}
Potions
 a - a potion of haste {unknown}
 c - a potion of magic {unknown}
 h - 2 potions of mutation {unknown}
 i - 2 potions of curing {unknown}
 k - 2 potions of cancellation {unknown}


   Skills:
 * Level 2.9 Fighting
 * Level 3.1 Dodging
 + Level 4.5 Unarmed Combat
 + Level 2.8 Spellcasting
 * Level 4.0 Transmutations
 + Level 1.0 Poison Magic


You had 6 spell levels left.
You knew the following spells:

 Your Spells              Type           Power      Damage    Failure   Level
a - Beastly Appendage     Tmut           28%        N/A       3%          1
b - Spider Form           Tmut/Pois      9%         N/A       22%         3

Your spell library contained the following spells:

 Spells                   Type           Power      Damage    Failure   Level
 Wereblood                Tmut           14%        N/A       6%          2
 Static Discharge         Conj/Air       2%         N/A       30%         2
 Ice Form                 Ice/Tmut       8%         N/A       65%         4
 Dispel Undead            Necr           2%         3d7       90%         4
 Sticky Flame             Conj/Fire      2%         2d3       90%         4


Dungeon Overview and Level Annotations

Branches:
Dungeon (5/15)
 Temple: D:4-7

Altars:
Ashenzari
Hepliaklqana
Nemelex Xobeh
Qazlal


Innate Abilities, Weirdness & Mutations

Your plain brown scales are hard. (AC +6)
You cannot fit into any form of body armour.
You are cold-blooded and may be slowed by cold attacks.


Message History

The ogre is lightly wounded.
The ogre closely misses you.
You hit the ogre.
The ogre looks as sick as possible!
The ogre is moderately wounded.
You barely miss the ogre.
The ogre is moderately wounded.
The ogre misses you.
You hit the ogre.
The ogre is heavily wounded.
The ogre hits you with a +0 giant club!!
Ouch! That really hurt!
You hear a shout!
You hit the ogre.
The ogre looks as sick as possible!
The ogre is severely wounded.
The ogre closely misses you.
You hit the ogre but do no damage.
The ogre is severely wounded.
Your transformation is almost over.
You hit the ogre.
You kill the ogre!
The orc throws a boomerang.
The boomerang completely misses you.
The orc throws a boomerang.
The boomerang hits you.
* * * LOW HITPOINT WARNING * * *
Your magical contamination has completely faded away.
Your Transmutations skill increases to level 4!
Your Poison Magic skill increases to level 1!
The orc throws a boomerang.
The boomerang hits you.
* * * LOW HITPOINT WARNING * * *
The orc throws a boomerang.
The boomerang misses you.
The orc throws a boomerang.
The boomerang misses you.
Your transformation has ended.
Your +1 pair of gloves unmelds from your body.
There is a stone staircase leading up here.
You climb upwards.
The ogre barely misses you. The orc closely misses you.
The orc throws a stone.
The stone hits you but does no damage.
There is a stone staircase leading down here.
As you read the scroll labelled KOCROS RAYVUUD, it crumbles to dust.
The scroll dissolves into smoke.
It was a scroll of fog.
The ogre hits you with a +0 giant club!
You die...

..###...#[........###.
......#...#...#.......
#....#......####....† .
##.#.##.............<
..##.....##......#......
..........o.....##.#....
#.......o†.........#....
#.....§§§....###..##..#.
#.....O@§....####.##....
......§o§....#....###...
...##..............#....
. ##....##............
#.....##..)...###..#
#......#.#......#.##
#...................
....................<
#.........O..........


You could see an ogre and 3 orcs.

Vanquished Creatures
  An ogre (D:5)
  A water moccasin zombie (D:5)
  A hound (D:5)
  An orc priest (D:3)
  Jessica (D:2)
  An orc wizard (D:3)
  Natasha (thrice) (D:2)
  A hound zombie (D:4)
  An adder (D:2)
  3 worms
  A dart slug (D:5)
  4 orcs (D:3)
  2 ball pythons (D:2)
  2 bats (D:3)
  4 endoplasms
  4 giant cockroaches
  7 goblins
  6 hobgoblins
  3 kobolds
  2 quokkas
  A frilled lizard (D:1)
  4 rats
54 creatures vanquished.

Notes
Turn   | Place    | Note
-------+----------+-------------------------------------------
     0 | D:1      | fragbeetle the Draconian Transmuter began the quest for the
                  | Orb.
     0 | D:1      | Reached XP level 1. HP: 16/16 MP: 3/3
   316 | D:1      | Reached XP level 2. HP: 23/23 MP: 3/5
   947 | D:2      | Noticed Natasha
  1104 | D:2      | Noticed Jessica
  1393 | D:3      | Found a faded altar of an unknown god.
  1510 | D:3      | Reached XP level 3. HP: 28/28 MP: 4/6
  1520 | D:3      | Learned a level 3 spell: Spider Form
  1590 | D:3      | Found a sparkling altar of Nemelex Xobeh.
  1818 | D:3      | Found a stormy altar of Qazlal.
  1874 | D:3      | Found a broken altar of Ashenzari.
  1876 | D:3      | Found a hazy altar of Hepliaklqana.
  1883 | D:3      | Reached XP level 4. HP: 35/36 MP: 7/7
  2543 | D:2      | Killed Jessica
  2672 | D:2      | Killed Natasha
  2783 | D:2      | Noticed Natasha
  2793 | D:2      | Killed Natasha
  2794 | D:2      | Reached XP level 5. HP: 35/41 MP: 2/8
  2868 | D:2      | Noticed Natasha
  2880 | D:2      | Killed Natasha
  3365 | D:4      | Noticed an ogre
  3374 | D:5      | Entered Level 5 of the Dungeon
  3394 | D:5      | Reached XP level 6. HP: 38/50 MP: 8/10
  3440 | D:5      | Reached skill level 1 in Poison Magic
  3457 | D:4      | Slain by an ogre

Illustrated notes

Levels and vault maps discovered:
D:1:      psy_arrival_terrarium, layout_loops_ring, nicolae_figureground_pulse
D:2:      layout_rooms, uniq_jessica, uniq_natasha
D:3:      layout_basic, gammafunk_temple_overflow_pools,
          nemelex_spade_bored_becter, mainiacjoe_overflow_brackets,
          shapermc_ecumenical_altar_venn
D:4:      layout_cave_pools
D:5:      corexii_shack_village, layout_loops_corners, uniq_edmund,
          uniq_eustachio

Skill      XL: |  1  2  3  4  5  6 |
---------------+-------------------+-----
Dodging        | 2 3 |  3.1
Fighting       | 2 |  2.9
Transmutations | 3 4 |  4.0
Unarmed Combat | 4 |  4.5
Poison Magic   | 1 |  1.0
Spellcasting   | |  2.8

Action                   |  1- 3 |  4- 6 || total
-------------------------+-------+-------++-------
Melee: Unarmed           |    87 |   100 ||   187
       Kick              |    23 |     7 ||    30
       Headbutt          |    11 |     5 ||    16
       Tailslap          |     9 |     2 ||    11
       Punch             |     2 |       ||     2
 Cast: Beastly Appendage |    19 |    12 ||    31
       Spider Form       |       |     9 ||     9
  Use: Scroll            |       |     2 ||     2
 Stab: Sleeping          |     1 |       ||     1
Armor: Skin              |    29 |    25 ||    54
Dodge: Dodged            |    32 |    64 ||    96

Table legend: (Time is in decaauts)
 A = Elapsed time spent in this place.
 B = Non-inter-level travel time spent in this place.
 C = Inter-level travel time spent in this place.
 D = Time resting spent in this place.
 E = Time spent auto-exploring this place.
 F = Levels seen in this place.
 G = Mean time per level.
                   A        B        C        D        E       F      G
               +--------+--------+--------+--------+--------+-----+--------+
         Total |   3464 |   3321 |    143 |    773 |   1607 |   5 |  692.8 |
       Dungeon |   3464 |   3321 |    143 |    773 |   1607 |   5 |  692.8 |
               +--------+--------+--------+--------+--------+-----+--------+

Top non-repeatable levels by time:
     D:1: 1258 daAuts
     D:3: 1095 daAuts
     D:2: 936 daAuts
     D:4: 93 daAuts
     D:5: 80 daAuts
